cohdb
Replays
Latest Replays
All Replays
Popular Replays
Top Player Replays
Match Explorer
How It Works
Community
CoH3 Stats
Reddit
Sign in to upload your games and track your stats! →
Sign in with Steam
Match 46495980
Unlisted
Match 46495980
Overview
Messages
Build Orders
End
Kettenkrad Recon Vehicle
Selects Luftwaffe Battlegroup
Selects Luftwaffe Pioneer Support
Fallschirmpioneer Squad Paradrop
Fallschirmpioneer Squad Paradrop
Construct Infanterie Kompanie
Fallschirmpioneer Squad Paradrop
Infanterie Officer Quarters
Selects Stuka Strafing Run
Construct Luftwaffe Kompanie
221 Scout Car
Construct Panzer Kompanie
Selects LG40 Recoilless Gun Paradrop
LG40 Recoilless Gun Paradrop
Stoßtruppen Squad
Panzer Officer Quarters
Stoßtruppen Squad
Selects Infantry Reserves
Medical Bunker
MasterStef
RoyalHants
0
0
Comments
sign in to comment!
No comments posted yet!